AoeStats
← Skipper the II

Arabia

509041725Analyzed
1v1 RM · 8d ago on Sep 25, 2026· 59m 45s· 2 players
Game mode
Random Map
Map size
Tiny (2 player)
Population
200
Speed
Normal
Resources
Standard
Victory
Conquest
Starting age
Dark Age
Ending age
Imperial Age
RankedLock teamsTeams togetherTeam positionsShared explorationLock speedFull tech treeHidden civsTurbo modeCheats
Victory
Defeat
🇦🇺 Franks · Australia
544
+14
🇹🇼 Varangians · Taiwan
508
-14
Slaine
15:13 Feudal Age
18:15 Wheelbarrow
17:37 Horse Collar
17:43 Double-Bit Axe
21:13 Castle Age
22:01 Husbandry
22:11 Scale Barding Armor
27:35 Forging
28:37 Bloodlines
30:18 Hand Cart
31:02 Scale Mail Armor
33:39 Iron Casting
33:19 Chain Mail Armor
33:27 Chain Barding Armor
35:38 Squires
35:24 Gambesons
36:00 Heavy Plow
36:15 Bow Saw
40:30 Chain Mail Armor
40:49 Fletching
42:39 Bodkin Arrow
43:21 Hand Cart
43:11 Gold Mining
43:11 Stone Mining
46:10 Pikeman
46:50 Treadmill Crane
47:36 Ballistics
48:38 Arson
50:46 Masonry
50:33 Murder Holes
51:43 Vendel Legacy
Skipper the II
10:09 Feudal Age
11:46 Wheelbarrow
11:00 Double-Bit Axe
11:37 Town Watch
11:38 Loom
20:50 Forging
20:53 Scale Barding Armor
21:48 Scale Mail Armor
21:49 Padded Archer Armor
26:02 Castle Age
24:29 Fletching
27:46 Hand Cart
27:32 Town Patrol
27:44 Husbandry
27:05 Light Cavalry
29:18 Gold Mining
29:18 Stone Mining
29:54 Squires
29:15 Pikeman
29:41 Arson
30:01 Murder Holes
39:54 Imperial Age
39:04 Iron Casting
38:45 Chain Mail Armor
38:50 Chain Barding Armor
38:26 Bodkin Arrow
41:15 Masonry
42:06 Chemistry
41:27 Ballistics
41:19 Fortified Wall
40:59 Guard Tower
40:54 Arrowslits
40:52 Treadmill Crane
41:18 Siege Engineers
40:37 Ordonnance Companies
41:39 Conscription
41:55 Hoardings
40:46 Cavalier
42:19 Gold Shaft Mining
44:07 Architecture
43:07 Paladin
43:40 Elite Skirmisher
44:43 Leather Archer Armor
45:00 Plate Mail Armor
46:12 Blast Furnace
46:11 Plate Barding Armor
46:37 Halberdier
47:34 Chivalry
48:51 Elite Throwing Axeman
Connection lost

Rejoining the realm…

Still unreachable

The connection could not be restored.

Session expired

The server has moved on; the page needs a fresh start.